 Dungeon Crawl Stone Soup version 0.31-a0-358-gac0dbeb3ab (webtiles) character file.

Game seed: 628704585583458400

8 drugrobin the Sneak (level 1, 0/18 HPs)
             Began as a Demigod Delver on July 25, 2023.
             Slain by a worm (7 damage)
             ... on level 2 of the Dungeon.
             The game lasted 00:01:15 (144 turns).

drugrobin the Sneak (Demigod Delver)                 Turns: 144, Time: 00:01:15

Health: 0/18       AC:  3    Str: 13    XL:     1   Next: 80%
Magic:  3/3        EV: 12    Int: 12    God:
Gold:   10         SH:  0    Dex: 15    Spells: 0/0 levels left

rFire   . . .        a - +0 mace
rCold   . . .        (no shield)
rNeg    . . .        b - +0 leather armour
rPois   .            (no helmet)
rElec   .            (no cloak)
rCorr   .            (no gloves)
SInv    .            (no boots)
Will    .....        (no amulet)
Stlth   +++          (no ring)
HPRegen 0.23/turn    (no ring)
MPRegen 0.08/turn

%: no passive effects
@: no status effects
A: high MP 1, forlorn, divine attributes
a: no special abilities


You were on level 2 of the Dungeon.
You visited 1 branch of the dungeon, and saw 4 of its levels.

You collected 10 gold pieces.

Inventory:

Hand Weapons
 a - a +0 mace (weapon)
Armour
 b - a +0 leather armour (worn)
Wands
 g - a wand of digging (3)
Scrolls
 c - a scroll of fog
 d - a scroll of revelation
 e - a scroll of fear
 h - a scroll of teleportation {unknown}
Potions
 f - a potion of haste
 i - a potion of degeneration {unknown}


   Skills:
 - Level 2.8 Fighting
 + Level 2.0 Maces & Flails
 - Level 2.0 Dodging
 - Level 4.6 Stealth


You couldn't memorise any spells.
You didn't know any spells.
Your spell library was empty.

Dungeon Overview and Level Annotations

Branches:
Dungeon (5/15)
 Temple: D:4-7


Innate Abilities, Weirdness & Mutations

You have an increased reservoir of magic. (+10% MP)
You shall have no god before yourself.
Your divine heritage dramatically boosts your attributes as you level up.


Message History

The worm is lightly wounded.
The worm barely misses you.
You hit the worm.
The worm is moderately wounded.
You barely miss the worm.
The worm is moderately wounded.
The worm barely misses you.
You barely miss the worm.
The worm is lightly wounded.
The worm barely misses you.
You hit the worm.
The worm is lightly wounded.
The worm bites you!
You hit the worm. You punch the worm.
The worm is heavily wounded.
The worm bites you but does no damage.
Unknown command.
You barely miss the worm.
The worm is heavily wounded.
You barely miss the worm.
The worm is heavily wounded.
The worm bites you.
You hit the worm.
The worm is severely wounded.
The worm misses you.
You hit the worm.
The worm is severely wounded.
The worm bites you.
You hit the worm.
The worm is severely wounded.
You hit the worm.
The worm is almost dead.
The worm barely misses you.
You hit the worm.
The worm is almost dead.
The worm barely misses you.
You hit the worm but do no damage.
The worm is almost dead.
The worm bites you!
You die...

######)######.#.#
######.#....#...#
..........>......#
#######............
###..........
#............
#........####
#..#..###..#
#.###.w@.#.# #.
#.##...# . ...$
#..# . #.).# .##
#.$.(. # ##.#.#
..### ##.


You could see a worm.

Vanquished Creatures
  A dart slug (D:2)
  A hobgoblin (D:3)
  2 ball pythons (D:2)
  A frilled lizard (D:2)
  A kobold (D:2)
  A rat (D:2)
7 creatures vanquished.

Notes
Turn   | Place    | Note
-------+----------+-------------------------------------------
     0 | D:5      | drugrobin the Demigod Delver began the quest for the Orb.
     0 | D:5      | Reached XP level 1. HP: 18/18 MP: 3/3
   144 | D:2      | Slain by a worm

Illustrated notes

Levels and vault maps discovered:
D:2:      layout_rooms, minmay_hexomino_u4, uniq_jessica, uniq_sigmund
D:3:      layout_loops_ring, amcnicky_mini_corridor_feature, minmay_surrounded
D:4:      minmay_polygon_palace, layout_basic, kennysheep_mini_moat,
          serial_shops, shop, minmay_misc_feat_iff, reono_crystal_passage,
          nrook_uturn
D:5:      layout_loops_ring, mainiacjoe_overflow_24_doors,
          amcnicky_mini_pool_medium

Skill      XL: |  1 |
---------------+----+-----
Maces & Flails | 2 |  2.0
Dodging        | 2 |  2.0
Fighting       | |  2.8
Stealth        | |  4.6

Action                     || total
---------------------------++-------
  Melee: Mace              ||    33
         Punch             ||     1
 Armour: Leather armour    ||     8
  Dodge: Dodged            ||    24

Table legend: (Time is in decaauts)
 A = Elapsed time spent in this place.
 B = Non-inter-level travel time spent in this place.
 C = Inter-level travel time spent in this place.
 D = Time resting spent in this place.
 E = Time spent auto-exploring this place.
 F = Levels seen in this place.
 G = Mean time per level.
                   A        B        C        D        E       F      G
               +--------+--------+--------+--------+--------+-----+--------+
         Total |    153 |    146 |      7 |     40 |     19 |   4 |   38.2 |
       Dungeon |    153 |    146 |      7 |     40 |     19 |   4 |   38.2 |
               +--------+--------+--------+--------+--------+-----+--------+

Top non-repeatable levels by time:
     D:3: 68 daAuts
     D:2: 64 daAuts
     D:5: 12 daAuts
     D:4: 7 daAuts
